 Dungeon Crawl Stone Soup version 0.32-a0-540-g866d13106e (webtiles) character file.

Game seed: 1603423919339259545

11625 Dittersdorf the Protected (level 11, -6/73 HPs)
             Began as a Gargoyle Fighter on Feb 28, 2024.
             Was an Initiate of Gozag.
             Mangled by a fire elemental (9 damage)
             ... summoned by a deep elf pyromancer
             ... on level 10 of the Dungeon.
             The game lasted 00:14:18 (11500 turns).

Dittersdorf the Protected (Gargoyle Fighter)       Turns: 11500, Time: 00:14:19

Health: -6/73      AC: 25    Str: 29    XL:     11   Next: 80%
Magic:  11/11      EV: 15    Int: 10    God:    Gozag
Gold:   1849       SH: 11    Dex:  9    Spells: 10/10 levels left

rFire   . . .        E - +1 flail (drain)
rCold   . . .        p - +1 kite shield
rNeg    + . .        h - +4 ring mail "Bodixa Liys" {Will+}
rPois   ∞            r - +0 helmet
rElec   +            x - +2 cloak {Stlth+}
rCorr   .            (no gloves)
SInv    .            n - +0 pair of boots
Will    +....        (no amulet)
Stlth   +            A - +5 ring of evasion
HPRegen 0.32/turn    u - +6 ring of strength
MPRegen 0.12/turn

%: no passive effects
@: no status effects
A: sickness immunity, AC +8, negative energy resistance 1, electricity
resistance, torment resistance 1, petrification resistance
a: Renounce Religion, Potion Petition, Call Merchant, Bribe Branch


You were on level 10 of the Dungeon.
You worshipped Gozag.
Gozag was most pleased with you.
You visited 2 branches of the dungeon, and saw 11 of its levels.
You also visited: Sewer and Ossuary.

You collected 2483 gold pieces.
You spent 585 gold pieces at shops.
You paid 49 gold pieces to Gozag.

Inventory:

Hand Weapons
 E - a +1 flail of draining (weapon)
Missiles
 D - 2 throwing nets
Armour
 h - the +4 ring mail "Bodixa Liys" (worn) {Will+}
   (You bought it in a shop on level 8 of the Dungeon)

   Will+:     It increases your willpower.
 n - a +0 pair of boots (worn)
 p - a +1 kite shield (worn)
 r - a +0 helmet (worn)
 x - a +2 cloak of stealth (worn)
Magical Staves
 l - a staff of earth
Jewellery
 e - a ring of ice
 u - a +6 ring of strength (right hand)
 A - a +5 ring of evasion (left hand)
Wands
 d - a wand of iceblast (16)
 y - a wand of polymorph (8)
 z - a wand of acid (3) (quivered)
 B - a wand of flame (10)
Scrolls
 a - a scroll of identify
 f - 6 scrolls of teleportation
 g - 5 scrolls of poison
 o - a scroll of summoning
 w - 2 scrolls of blinking
Potions
 b - 6 potions of heal wounds
 c - 4 potions of mutation
 i - a potion of haste
 j - a potion of ambrosia
 k - 9 potions of curing {unknown}
 m - a potion of attraction {unknown}
 q - 2 potions of lignification {unknown}
 s - a potion of berserk rage {unknown}
 t - 2 potions of invisibility {unknown}
 v - a potion of resistance
 C - a potion of might


   Skills:
 + Level 10.7 Fighting
 + Level 9.6 Maces & Flails
 + Level 10.7 Armour
 + Level 10.7 Shields


You had 10 spell levels left.
You didn't know any spells.
Your spell library contained the following spells:

 Spells                   Type           Power      Damage    Failure   Level
 Apportation              Tloc           0%         N/A       63%         1
 Magic Dart               Conj           0%         1d3       63%         1
 Necrotise                Necr           0%         1d4       63%         1
 Sting                    Conj/Alch      0%         1d3       63%         1
 Summon Small Mammal      Summ           0%         N/A       63%         1
 Mercury Vapours          Alch/Air       0%         N/A       77%         2
 Searing Ray              Conj           0%         2d4       77%         2
 Animate Armour           Summ/Erth      0%         N/A       100%        4
 Fulminant Prism          Conj/Alch      0%         3d5       100%        4
 Olgreb's Toxic Radiance  Alch           0%         N/A       100%        4
 Summon Lightning Spire   Summ/Air       0%         N/A       100%        4
 Lee's Rapid Deconstruct  Erth           0%         3d4*      100%        5


Dungeon Overview and Level Annotations

Branches:
Dungeon (10/15)            Temple (1/1) D:4            Lair (0/5) D:10
  Sewer (visited)         Ossuary (visited)
    Orc: D:9-12

Altars:
Ashenzari
Cheibriados
Dithmenos
Elyvilon
Fedhas
Gozag
Hepliaklqana
Kikubaaqudgha
Makhleb
Nemelex Xobeh
Okawaru
Qazlal
Ru
Sif Muna
Trog
Uskayaw
Vehumet
Wu Jian
Xom
Yredelemnul
Zin
The Shining One

Shops:
D:3 [   D:7 *   D:8 [


Innate Abilities, Weirdness & Mutations

You are immune to sickness and miasma.
Your stone body is resilient. (AC +8)
You are immune to poison.
You resist negative energy. (rN+)
You are resistant to electric shocks. (rElec)
You are resistant to unholy torment.
You are immune to petrification.


Message History

You closely miss the deep elf pyromancer.
The deep elf pyromancer is moderately wounded.
The deep elf pyromancer barely misses you.
You closely miss the deep elf pyromancer.
The deep elf pyromancer is moderately wounded.
You block the deep elf pyromancer's attack.
You sock the deep elf pyromancer! You drain the deep elf pyromancer.
The deep elf pyromancer is severely wounded.
The deep elf pyromancer casts a spell at you.
The bolt of fire hits you!
You barely miss the deep elf pyromancer.
The deep elf pyromancer is severely wounded.
The deep elf pyromancer gestures wildly while chanting.
You hit the deep elf pyromancer. You drain the deep elf pyromancer.
The deep elf pyromancer is almost dead.
The deep elf pyromancer mumbles some strange words.
The deep elf pyromancer blinks!
You thump the fire elemental!
The fire elemental is moderately damaged.
The deep elf pyromancer casts a spell.
The deep elf pyromancer blinks!
The fire elemental hits you. The fire elemental burns you!
* * * LOW HITPOINT WARNING * * *
You barely miss the fire elemental.
The fire elemental is moderately damaged.
You block the fire elemental's attack.
You sock the fire elemental!
The fire elemental is heavily damaged.
The fire elemental hits you. The fire elemental burns you!
* * * LOW HITPOINT WARNING * * *
The fire elemental hits you. The fire elemental burns you!
* * * LOW HITPOINT WARNING * * *
You closely miss the fire elemental.
The fire elemental is heavily damaged.
You block the fire elemental's attack.
You barely miss the fire elemental.
The fire elemental is heavily damaged.
The fire elemental hits you. The fire elemental burns you!
You die...
Your body crumbles into a pile of gold.

≈# #...'......)..'...
≈##....#####.........####
##.....# ##.......## ##
##..(...# ##.....## #.
#.......# ##...## #.
......e# ##'## #. ....☼#
#.# #. ##'E###### #.# #.
#..yE@...# ##)## #.
##.#E####.###...## #.
##...○## #.##.....# #.
#......# #.###...## #.
##.....###.####...#####.
##.#...........[.......
###.####.#############
#.####.# #......#


You could see 3 fire elementals and a killer bee.

Vanquished Creatures
  Josephine (D:10)
  2 two-headed ogres
  Pikel (D:8)
  A cyclops (D:8)
  Maurice (D:7)
  Joseph (D:8)
  Maggie (D:7)
  A komodo dragon (D:10)
  A troll (D:9)
  Grinder (D:5)
  4 wraiths (D:10)
  7 yaks (D:9)
  Eustachio (D:5)
  A steam dragon (D:8)
  Duvessa (D:6)
  An acid dragon (D:9)
  4 ice beasts
  2 orc warriors
  A water moccasin (D:7)
  2 sky beasts
  A black bear (D:5)
  3 centaurs
  2 ogres
  A lemure (D:8)
  2 phantoms
  Blork the orc (D:6)
  An elf zombie (D:4)
  3 kobold brigands
  7 bullfrogs
  A gnoll sergeant (D:10)
  11 scorpions
  2 elf skeletons (D:4)
  4 wights (D:8)
  Dowan (D:6)
  14 killer bees
  An electric eel (D:10)
  A howler monkey (D:6)
  2 centaur zombies (Ossuary)
  A jelly (D:5)
  4 orc priests
  2 bombardier beetles
  2 gnoll boudas
  3 iguanas
  2 human zombies (Ossuary)
  5 scorpion zombies (Ossuary)
  A sleepcap (D:6)
  5 orc wizards
  3 mummies (Ossuary)
  15 adders
  14 gnolls
  A river rat (D:5)
  5 white imps
  2 ufetubi (D:6)
  2 adder zombies (Ossuary)
  14 dart slugs
  A ribbon worm (D:2)
  19 orcs
  3 bats
  17 endoplasms
  16 giant cockroaches
  6 goblins
  11 hobgoblins
  3 jackals (D:2)
  3 quokkas
  17 ball pythons
  12 frilled lizards
  4 jackal zombies (Ossuary)
  18 kobolds
  3 orc skeletons (D:4)
  2 orc zombies (Ossuary)
  8 rats
317 creatures vanquished.

Notes
Turn   | Place    | Note
-------+----------+-------------------------------------------
     0 | D:1      | Dittersdorf the Gargoyle Fighter began the quest for the
                  | Orb.
     0 | D:1      | Reached XP level 1. HP: 14/14 MP: 1/1
    75 | D:1      | Reached XP level 2. HP: 17/19 MP: 2/2
   353 | D:1      | Reached XP level 3. HP: 22/23 MP: 3/3
  1079 | D:2      | Reached XP level 4. HP: 29/29 MP: 4/4
  1710 | D:3      | Found Mallawk's Antique Armour Emporium.
  2420 | D:4      | Noticed a phantom
  2423 | D:4      | Found a staircase to the Ecumenical Temple.
  2434 | D:4      | Killed a phantom
  2435 | D:4      | Reached XP level 5. HP: 19/33 MP: 5/5
  2450 | Temple   | Entered the Ecumenical Temple
  2464 | Temple   | Became a worshipper of Gozag Ym Sagoz the Greedy
  2568 | D:4      | Reached XP level 6. HP: 39/39 MP: 6/6
  2591 | D:4      | Found a sand-covered staircase.
  2609 | Ossuary  | Entered an ossuary
  2670 | Ossuary  | Reached skill level 5 in Fighting
  2670 | Ossuary  | Reached skill level 5 in Armour
  2670 | Ossuary  | Reached skill level 5 in Shields
  2738 | Ossuary  | Reached XP level 7. HP: 44/44 MP: 7/7
  2996 | Ossuary  | Reached XP level 8. HP: 48/51 MP: 8/8
  3129 | Ossuary  | Reached skill level 5 in Maces & Flails
  4104 | D:5      | Entered Level 5 of the Dungeon
  4104 | D:5      | Found a shimmering altar of Xom.
  4333 | D:5      | Found a glowing drain.
  4361 | Sewer    | Entered a sewer
  5072 | D:5      | Reached XP level 9. HP: 44/56 MP: 9/9
  5207 | D:5      | Noticed Eustachio
  5236 | D:5      | Killed Eustachio
  5339 | D:5      | Noticed Grinder
  5354 | D:5      | Paralysed by Grinder for 4 turns
  5364 | D:5      | Killed Grinder
  6123 | D:6      | Noticed Dowan
  6124 | D:6      | Noticed Duvessa
  6406 | D:6      | Killed Duvessa
  6409 | D:6      | Killed Dowan
  6943 | D:6      | Noticed Blork the orc
  6958 | D:6      | Killed Blork the orc
  7595 | D:7      | Found Xilimnuf's General Store.
  7633 | D:7      | Noticed Maurice
  7635 | D:7      | Maurice stole a staff of earth
  7637 | D:7      | Something stole a ring of ice
  7638 | D:7      | Something stole 315 gold
  7640 | D:7      | Something stole 95 gold
  7710 | D:7      | Maurice stole 24 gold
  7711 | D:7      | Maurice stole 805 gold
  7716 | D:7      | Something stole 60 gold
  7742 | D:7      | Reached XP level 10. HP: 26/64 MP: 2/10
  7749 | D:7      | Killed Maurice
  7935 | D:7      | Noticed Maggie
  7951 | D:7      | Killed Maggie
  8501 | D:7      | Found a sparkling altar of Nemelex Xobeh.
  8555 | D:8      | Found Eraf's Armour Emporium.
  8557 | D:8      | Noticed Joseph
  8576 | D:8      | Killed Joseph
  8615 | D:8      | Bought the +4 ring mail "Bodixa Liys" {Will+} for 585 gold
                  | pieces
  9013 | D:8      | Noticed a cyclops
  9025 | D:8      | Noticed Pikel
  9040 | D:8      | Killed Pikel
  9054 | D:8      | Killed a cyclops
  9372 | D:8      | Reached XP level 11. HP: 69/71 MP: 11/11
 10044 | D:9      | Noticed a two-headed ogre
 10050 | D:9      | Killed a two-headed ogre
 10051 | D:9      | Reached skill level 10 in Fighting
 10051 | D:9      | Reached skill level 10 in Armour
 10051 | D:9      | Reached skill level 10 in Shields
 10603 | D:10     | Entered Level 10 of the Dungeon
 10631 | D:10     | Noticed Josephine
 10670 | D:10     | Killed Josephine
 10929 | D:10     | Identified the +1 orcbow of Destiny {freeze, rElec rC+
                  | rN++}
 11077 | D:10     | Found a hide-covered altar of Uskayaw.
 11124 | D:10     | Found a staircase to the Lair.
 11446 | D:10     | Noticed a deep elf pyromancer
 11446 | D:10     | Noticed a two-headed ogre
 11463 | D:10     | Killed a two-headed ogre
 11498 | D:10     | HP: 3/73 [fire elemental[a deep elf pyromancer] (11)]
 11500 | D:10     | Mangled by a fire elemental

Illustrated notes

Levels and vault maps discovered:
D:1:      zaba_arrival_water, layout_loops_ring
D:2:      layout_basic, minmay_misc_feat_cross
D:3:      layout_basic, serial_shops, nicolae_shop_tiny_waterfront,
          minmay_misc_feat_plants
D:4:      layout_loops_ring, minmay_temple_entry_crystal_x, serial_rivers,
          chequers_serial_rivers_room_a, chequers_serial_rivers_large_a,
          chequers_serial_rivers_micro_c, chequers_serial_rivers_marsh,
          chequers_serial_rivers_small_3, nicolae_ossuary_entry_catacombs
D:5:      layout_layer_cave, lemuel_crystal_altar, portal_sewer_entry_b,
          nicolae_kite_square_tiling_tiny, uniq_grinder, uniq_eustachio
D:6:      layout_cave_pods, nicolae_half_adder, uniq_duvessa, uniq_blork_the_orc
D:7:      layout_rooms, nemelex_spade_bored_becter, serial_shops, shop,
          dreamdust_wishing_well, uniq_maurice, uniq_maggie
D:8:      layout_loops_ring, serial_shops, nicolae_stop_n_shop_1,
          serial_bayou_pond_e, grunt_decor_fettered,
          hangedman_abyss_or_decor_stagger, uniq_pikel, uniq_joseph
D:9:      layout_roguey, grunt_decor_mini_mirrors
D:10:     layout_loops_corners, eat_drink_and_be_merry_uskayaw,
          lair_entry_dummy, kennysheep_opposing_triangles, uniq_josephine
Temple:   nicolae_temple_bog_church

Skill      XL: |  1  2  3  4  5  6  7  8  9 10 11 |
---------------+----------------------------------+-----
Armour         | 4 5 6 8 9 10 | 10.7
Fighting       | 4 5 6 8 9 10 | 10.7
Maces & Flails | 3 4 5 7 8 9 |  9.6
Shields        | 4 5 6 8 9 10 | 10.7

Action                     |  1- 3 |  4- 6 |  7- 9 | 10-12 || total
---------------------------+-------+-------+-------+-------++-------
  Melee: Flail             |    98 |   177 |   804 |   668 ||  1747
  Evoke: Wand              |       |       |       |    10 ||    10
    Use: Scroll            |       |     5 |     6 |     5 ||    16
         Potion            |       |       |     1 |       ||     1
   Stab: Distracted        |       |       |     1 |     7 ||     8
 Armour: Scale mail        |    58 |       |       |       ||    58
         Chain mail        |    37 |   158 |   823 |     8 ||  1026
         Ring mail         |       |       |       |   359 ||   359
         Steam dragon scal |       |       |       |    73 ||    73
  Dodge: Dodged            |    57 |    58 |   282 |   322 ||   719
  Block: Buckler           |    27 |     2 |       |       ||    29
         Kite shield       |       |    76 |   513 |   451 ||  1040

Table legend: (Time is in decaauts)
 A = Elapsed time spent in this place.
 B = Non-inter-level travel time spent in this place.
 C = Inter-level travel time spent in this place.
 D = Time resting spent in this place.
 E = Time spent auto-exploring this place.
 F = Levels seen in this place.
 G = Mean time per level.
                   A        B        C        D        E       F      G
               +--------+--------+--------+--------+--------+-----+--------+
         Total |  11912 |  11607 |    305 |   1339 |   6708 |  13 |  916.3 |
       Dungeon |  10269 |   9990 |    279 |   1339 |   5957 |  10 | 1026.9 |
        Temple |     28 |      2 |     26 |      0 |      0 |   1 |   28.0 |
         Sewer |    800 |    800 |      0 |      0 |    341 |   1 |  800.0 |
       Ossuary |    814 |    814 |      0 |      0 |    409 |   1 |  814.0 |
               +--------+--------+--------+--------+--------+-----+--------+

Top non-repeatable levels by time:
     D:6: 1564 daAuts
     D:5: 1377 daAuts
     D:8: 1123 daAuts
     D:4: 972 daAuts
     D:7: 942 daAuts
     D:9: 920 daAuts
    D:10: 899 daAuts
     D:3: 836 daAuts
     D:2: 829 daAuts
 Ossuary: 814 daAuts
     D:1: 803 daAuts
   Sewer: 800 daAuts
  Temple: 28 daAuts
